Map: King's Cove LE

Players

PRTS

  • Race: Terran Terran
  • League: Master
  • Spawn Location: 5:00

XOURCE - Winner!

  • Race: Zerg Zerg
  • League: Diamond
  • Spawn Location: 11:00

VOD

Have the link to the VOD?

Description

Time

  • Played on: April 6, 2019, 4:08 a.m.
  • Length: 4:51
Show
View Real Time Build Order
Export as new Build Order

PRTS Terran 

Build Orders:  

Get SALT Encoding   

  12  0:01  SCV  
  13  0:13  SCV  
  14  0:22  Supply Depot  
  14  0:53  Barracks  
  14  0:59  Barracks  
  14  1:14  Barracks  
  14  1:29  Barracks  
  14  1:37  SCV  
  15  1:40  Marine  
  16  1:47  Marine  
  17  2:01  Bunker  
  17  2:02  Marine  
  17  2:08  Marine  
  19  2:09  Marine  
  20  2:16  Marine  
  21  2:22  Marine  
  22  2:31  Marine  
  23  2:40  Supply Depot  
  23  3:01  Marine x2  
  23  3:02  Marine  
  23  3:05  Marine  
  19  3:19  Marine  
  20  3:21  Marine  
  20  3:23  Marine  
  22  3:29  Marine  
  19  3:36  Marine  
  20  3:43  Marine  
  20  3:49  Marine  
  21  3:56  Orbital Command  
  21  3:58  Marine x2  
  23  4:24  Marine  
Show
View Real Time Build Order
Export as new Build Order

XOURCE Zerg - Winner!

Build Orders: Hatch First 

Get SALT Encoding   

  12  0:00  Drone  
  13  0:12  Overlord  
  13  0:18  Drone  
  14  0:31  Drone x2  
  14  0:34  Drone  
  17  0:55  Hatchery  
  16  0:58  Drone  
  16  1:00  Drone  
  18  1:12  Extractor  
  18  1:15  Spawning Pool  
  17  1:18  Drone  
  17  1:22  Drone  
  18  1:28  Drone  
  19  1:42  Overlord  
  19  1:50  Drone  
  20  2:02  Queen  
  20  2:03  Zergling x2  
  20  2:07  Queen  
  20  2:08  Zergling x2  
  26  2:15  Metabolic Boost  
  26  2:31  Zergling x2  
  26  2:32  Zergling x6  
  30  2:40  Zergling x2  
  30  2:41  Zergling x2  
  32  2:49  Zergling x2  
  33  3:03  Queen  
  31  3:09  Drone  
  31  3:10  Drone x3  
  33  3:14  Drone x2  
  34  3:33  Drone x3  
  36  3:35  Overlord  
  34  3:52  Queen  
  34  3:53  Overlord  
  34  3:54  Zergling x2  
  34  3:55  Zergling x4  
  39  4:01  Drone x2  
  41  4:10  Zergling x4  
  41  4:11  Spine Crawler  
  41  4:12  Zergling x4  
  41  4:13  Spine Crawler  
  43  4:18  Zergling x2  
  43  4:19  Zergling x6  
  43  4:22  Zergling x2  
  43  4:24  Zergling x2  
  49  4:33  Zergling x4  
Tags
 
Add a new tag
Caveats
  • Supply blocks, unpowered buildings, or Contaminate may cause inaccurate times.
  • Supply counts are checked every 10 seconds.